PAA
PHOENIX HOTSPUR YOUTH @ RICHLAND RAILS
09/16/2021
 
TOP OF THE 1ST
Phoenix Hotspur Youth batting - Pitching for Richland Rails : RHP Horace McKenzie
Pitching: RHP Horace McKenzie
Batting: LHB Arthur Ryan 0-0: Ball
1-0: Called Strike
1-1: Ball
2-1: Foul Ball, location: 2F
2-2: Foul Ball, location: 2F
2-2: Ball
3-2: Strikes out swinging
Batting: RHB John Boatner 0-0: Ground out 1-3 (Groundball, 15)
Batting: RHB Ángel Rivera 0-0: Fly out, F7 (Line Drive, 7M)
Top of the 1st over - 0 run(s), 0 hit(s), 0 error(s), 0 left on base; Phoenix Hotspur 0 - Richland 0
BOTTOM OF THE 1ST
Richland Rails batting - Pitching for Phoenix Hotspur Youth : RHP Donald Gregory
Pitching: RHP Donald Gregory
Batting: LHB Eduardo Álvarez 0-0: Ball
1-0: Ball
2-0: Called Strike
2-1: Ball
3-1: Base on Balls
Batting: SHB Carlton Reed 0-0: Ball
1-0: Foul Ball, location: 2F
1-1: Ball
2-1: SINGLE (Line Drive, 89S)
Eduardo Álvarez to second
Batting: RHB Miguel Vidro 0-0: Foul Ball, location: 2F
0-1: Ball
1-1: SINGLE (Line Drive, 6MD)
Eduardo Álvarez to third
Carlton Reed to second
Batting: RHB Gustavo Berrios 0-0: Called Strike
0-1: Reached on error, E6 (Groundball, 6)
Eduardo Álvarez scores
Carlton Reed to third
Miguel Vidro to second
Batting: RHB Jack Davis 0-0: Called Strike
0-1: Ball
1-1: Ball
2-1: Foul Ball, location: 2F
2-2: Strikes out swinging
Batting: RHB Alexis Smeddon 0-0: Fly out, F7 (Flyball, 7M)
Batting: RHB Zach Lewis 0-0: Called Strike
0-1: Ball
1-1: Called Strike
1-2: Strikes out swinging
Bottom of the 1st over - 1 run(s), 2 hit(s), 1 error(s), 3 left on base; Phoenix Hotspur 0 - Richland 1
TOP OF THE 2ND
Phoenix Hotspur Youth batting - Pitching for Richland Rails : RHP Horace McKenzie
Batting: RHB Rick Moore 0-0: Ball
1-0: SINGLE (Groundball, 6MD)
Batting: RHB Satoshi Terada 0-0: Fly out, F5 (Line Drive, 5)
Batting: RHB Ed Sharp 0-0: Called Strike
0-1: DOUBLE (Line Drive, 89D)
Rick Moore to third
Batting: RHB Javier González 0-0: Foul Ball, location: 2F
0-1: Ball
1-1: Foul Ball, location: 2F
1-2: Foul Ball, location: 2F
1-2: Ball
2-2: Ball
3-2: Base on Balls
Batting: RHB Alejandro Ibarra 0-0: Ball
1-0: Called Strike
1-1: Foul Ball, location: 2F
1-2: Strikes out swinging
Batting: RHB Dan Perkins 0-0: Ball
1-0: Ball
2-0: Called Strike
2-1: Fielders Choice at 2nd, 6-4 (Groundball, 6)
Top of the 2nd over - 0 run(s), 2 hit(s), 0 error(s), 2 left on base; Phoenix Hotspur 0 - Richland 1
BOTTOM OF THE 2ND
Richland Rails batting - Pitching for Phoenix Hotspur Youth : RHP Donald Gregory
Batting: LHB Roberto Madrid 0-0: Ball
1-0: Called Strike
1-1: Ground out 4-3 (Groundball, 4M)
Batting: RHB Andrew Hall 0-0: Called Strike
0-1: Called Strike
0-2: Foul Ball, location: 2F
0-2: Ball
1-2: Foul Ball, location: 2F
1-2: DOUBLE (Flyball, 8LXD)
Batting: LHB Eduardo Álvarez 0-0: Called Strike
0-1: Ball
1-1: Called Strike
1-2: Ball
2-2: Strikes out swinging
Batting: SHB Carlton Reed 0-0: Ball
1-0: Ball
2-0: Ball
3-0: Called Strike
3-1: Foul Ball, location: 2F
3-2: SINGLE (Line Drive, 9LS)
Andrew Hall to third
Andrew Hall scores
Batting: RHB Miguel Vidro 0-0: Ball
1-0: Ground out U3 (Groundball, 3S)
Bottom of the 2nd over - 1 run(s), 2 hit(s), 0 error(s), 1 left on base; Phoenix Hotspur 0 - Richland 2
TOP OF THE 3RD
Phoenix Hotspur Youth batting - Pitching for Richland Rails : RHP Horace McKenzie
Batting: LHB Arthur Ryan 0-0: Ball
1-0: Called Strike
1-1: Ball
2-1: Foul Ball, location: 2F
2-2: Foul Ball, location: 2F
2-2: Ground out 6-3 (Groundball, 6MS)
Batting: RHB John Boatner 0-0: Fly out, F9 (Flyball, 9M)
Batting: RHB Ángel Rivera 0-0: Called Strike
0-1: Foul Ball, location: 2F
0-2: Ball
1-2: Ball
2-2: Fly out, F7 (Flyball, 7D)
Top of the 3rd over - 0 run(s), 0 hit(s), 0 error(s), 0 left on base; Phoenix Hotspur 0 - Richland 2
BOTTOM OF THE 3RD
Richland Rails batting - Pitching for Phoenix Hotspur Youth : RHP Donald Gregory
Batting: RHB Gustavo Berrios 0-0: Ball
1-0: Ball
2-0: Foul Ball, location: 2F
2-1: Foul Ball, location: 2F
2-2: Strikes out swinging
Batting: RHB Jack Davis 0-0: Ball
1-0: SINGLE (Groundball, 56D)
Batting: RHB Alexis Smeddon 0-0: Foul Ball, location: 2F
0-1: Swinging Strike
0-2: Ball
1-2: Ball
2-2: Ball
3-2: Foul Ball, location: 2F
3-2: Foul Ball, location: 2F
3-2: Base on Balls
Jack Davis to second
Batting: RHB Zach Lewis 0-0: Fielders Choice at 2nd, 2-6 (Groundball, 2L)
Jack Davis to third
Batting: LHB Roberto Madrid 0-0: Fielders Choice at 2nd, U4 (Groundball, 4M)
Bottom of the 3rd over - 0 run(s), 1 hit(s), 0 error(s), 2 left on base; Phoenix Hotspur 0 - Richland 2
TOP OF THE 4TH
Phoenix Hotspur Youth batting - Pitching for Richland Rails : RHP Horace McKenzie
Batting: RHB Rick Moore 0-0: Ground out 5-3 (Groundball, 5L)
Batting: RHB Satoshi Terada 0-0: Foul Ball, location: 2F
0-1: Swinging Strike
0-2: Strikes out swinging
Batting: RHB Ed Sharp 0-0: Called Strike
0-1: Ball
1-1: Ground out 6-3 (Groundball, 6M)
Top of the 4th over - 0 run(s), 0 hit(s), 0 error(s), 0 left on base; Phoenix Hotspur 0 - Richland 2
BOTTOM OF THE 4TH
Richland Rails batting - Pitching for Phoenix Hotspur Youth : RHP Donald Gregory
Batting: RHB Andrew Hall 0-0: Ball
1-0: Foul Ball, location: 2F
1-1: SINGLE (Groundball, 23) (infield hit)
Batting: LHB Eduardo Álvarez 0-0: Ball
1-0: Called Strike
1-1: Ball
2-1: Foul Ball, location: 2F
2-2: SINGLE (Groundball, 6MD) (infield hit)
Andrew Hall to second
Batting: SHB Carlton Reed 0-0: Ball
1-0: Called Strike
1-1: Called Strike
1-2: Foul Ball, location: 2F
1-2: Ball
2-2: Fly out, F7 (Flyball, 7LM)
Pitching: LHP Juan López
Batting: RHB Miguel Vidro 0-0: Called Strike
0-1: Foul Ball, location: 2F
0-2: Ball
1-2: Ball
2-2: Ground out U3 (Groundball, 3S)
Andrew Hall to third
Eduardo Álvarez to second
Batting: RHB Gustavo Berrios 0-0: Called Strike
0-1: Fly out, F9 (Flyball, 9S)
Bottom of the 4th over - 0 run(s), 2 hit(s), 0 error(s), 2 left on base; Phoenix Hotspur 0 - Richland 2
TOP OF THE 5TH
Phoenix Hotspur Youth batting - Pitching for Richland Rails : RHP Horace McKenzie
Batting: RHB Javier González 0-0: Called Strike
0-1: Ball
1-1: Ball
2-1: Foul Ball, location: 2F
2-2: Ground out 6-3 (Groundball, 6)
Batting: RHB Alejandro Ibarra 0-0: Called Strike
0-1: Fly out, F3 (Popup, 3SF)
Batting: RHB Dan Perkins 0-0: Ground out 6-3 (Groundball, 6)
Top of the 5th over - 0 run(s), 0 hit(s), 0 error(s), 0 left on base; Phoenix Hotspur 0 - Richland 2
BOTTOM OF THE 5TH
Richland Rails batting - Pitching for Phoenix Hotspur Youth : LHP Juan López
Batting: RHB Jack Davis 0-0: Ball
1-0: Ball
2-0: SINGLE (Line Drive, 6MD)
Batting: RHB Alexis Smeddon 0-0: Sac Bunt - play at first, batter OUT! 2-3
Jack Davis to second
Batting: RHB Zach Lewis 0-0: Intentional Walk
Batting: LHB Roberto Madrid 0-0: Fly out, F5 (Popup, 5L)
Batting: RHB Andrew Hall 0-0: Ball
1-0: Ball
2-0: SINGLE (Groundball, 25) (infield hit)
Jack Davis to third
Zach Lewis to second
Batting: LHB Eduardo Álvarez 0-0: Called Strike
0-1: Ball
Wild Pitch!
Jack Davis scores
Zach Lewis to third
Andrew Hall to second
1-1: Swinging Strike
1-2: Foul Ball, location: 2F
1-2: Foul Ball, location: 2F
1-2: SINGLE (Line Drive, 9LS)
Zach Lewis scores
Andrew Hall to third
Runner from 3rd tries for Home, throw and OUT!
Bottom of the 5th over - 2 run(s), 3 hit(s), 0 error(s), 1 left on base; Phoenix Hotspur 0 - Richland 4
TOP OF THE 6TH
Phoenix Hotspur Youth batting - Pitching for Richland Rails : RHP Horace McKenzie
Batting: LHB Arthur Ryan 0-0: Ball
1-0: Called Strike
1-1: Called Strike
1-2: Ball
2-2: Ball
3-2: Ground out 1-3 (Groundball, 23)
Batting: RHB John Boatner 0-0: Ball
1-0: Foul Ball, location: 2F
1-1: Called Strike
1-2: Ball
2-2: Strikes out swinging
Batting: RHB Ángel Rivera 0-0: Called Strike
0-1: Ball
1-1: Ground out 6-3 (Groundball, 6M)
Top of the 6th over - 0 run(s), 0 hit(s), 0 error(s), 0 left on base; Phoenix Hotspur 0 - Richland 4
BOTTOM OF THE 6TH
Richland Rails batting - Pitching for Phoenix Hotspur Youth : LHP Juan López
Batting: SHB Carlton Reed 0-0: Ball
1-0: Called Strike
1-1: Foul Ball, location: 2F
1-2: Foul Ball, location: 2F
1-2: Fly out, F7 (Line Drive, 7M)
Batting: RHB Miguel Vidro 0-0: SINGLE (Groundball, 34)
Batting: RHB Gustavo Berrios 0-0: Called Strike
0-1: SINGLE (Groundball, 6MD)
Miguel Vidro to second
Batting: RHB Jack Davis 0-0: Called Strike
0-1: Fly out, F7 (Flyball, 7M)
Batting: RHB Alexis Smeddon 0-0: Called Strike
0-1: Fly out, F5 (Popup, 15)
Bottom of the 6th over - 0 run(s), 2 hit(s), 0 error(s), 2 left on base; Phoenix Hotspur 0 - Richland 4
TOP OF THE 7TH
Phoenix Hotspur Youth batting - Pitching for Richland Rails : RHP Horace McKenzie
Batting: RHB Rick Moore 0-0: Ball
1-0: Ground out U3 (Groundball, 3L)
Batting: RHB Satoshi Terada 0-0: Ball
1-0: Called Strike
1-1: Ball
2-1: Ground out 5-3 (Groundball, 5L)
Batting: RHB Ed Sharp 0-0: Foul Ball, location: 2F
0-1: Ball
1-1: Ball
2-1: Fly out, F2 (Popup, 2RF)
Top of the 7th over - 0 run(s), 0 hit(s), 0 error(s), 0 left on base; Phoenix Hotspur 0 - Richland 4
BOTTOM OF THE 7TH
Richland Rails batting - Pitching for Phoenix Hotspur Youth : LHP Juan López
Batting: RHB Zach Lewis 0-0: Ball
1-0: Called Strike
1-1: Foul Ball, location: 2F
1-2: Ball
2-2: Strikes out swinging
Batting: LHB Roberto Madrid 0-0: Fly out, F8 (Line Drive, 8RM)
Batting: RHB Andrew Hall 0-0: Called Strike
0-1: Ball
1-1: SINGLE (Groundball, 56)
Batting: LHB Eduardo Álvarez 0-0: Called Strike
0-1: Foul Ball, location: 2F
0-2: Ball
1-2: Ball
2-2: Ball
3-2: DOUBLE (Line Drive, 7LS)
Andrew Hall to third
Andrew Hall scores
Pitching: RHP Howard Allen
Batting: SHB Carlton Reed 0-0: Ball
1-0: Ball
2-0: Swinging Strike
2-1: Foul Ball, location: 2F
2-2: Foul Ball, location: 2F
2-2: Strikes out swinging
Bottom of the 7th over - 1 run(s), 2 hit(s), 0 error(s), 1 left on base; Phoenix Hotspur 0 - Richland 5
TOP OF THE 8TH
Phoenix Hotspur Youth batting - Pitching for Richland Rails : RHP Horace McKenzie
Now in CF: Juan Martínez
Batting: RHB Javier González 0-0: Called Strike
0-1: Fly out, F8 (Flyball, 8RM)
Batting: RHB Alejandro Ibarra 0-0: Reached on error, E4 (Groundball, 4)
Batting: RHB Dan Perkins 0-0: DOUBLE (Line Drive, 5L)
Alejandro Ibarra scores
Batting: LHB Arthur Ryan 0-0: Ball
1-0: Ball
2-0: Called Strike
2-1: Ball
3-1: Fly out, F5 (Popup, 5SF)
Batting: RHB John Boatner 0-0: Called Strike
0-1: SINGLE (Groundball, 34D)
Dan Perkins to third
Runner from 3rd tries for Home, SAFE, no throw or cutoff
Batting: RHB Ángel Rivera 0-0: Ball
1-0: SINGLE (Groundball, 56D)
John Boatner to second
Batting: RHB Rick Moore 0-0: Called Strike
0-1: Ball
1-1: Foul Ball, location: 2F
1-2: Strikes out swinging
Top of the 8th over - 2 run(s), 3 hit(s), 1 error(s), 2 left on base; Phoenix Hotspur 2 - Richland 5
BOTTOM OF THE 8TH
Richland Rails batting - Pitching for Phoenix Hotspur Youth : RHP Howard Allen
Batting: RHB Miguel Vidro 0-0: Ball
1-0: Ball
2-0: Called Strike
2-1: Foul Ball, location: 2F
2-2: Ball
3-2: DOUBLE (Line Drive, 9LM)
Batting: RHB Gustavo Berrios 0-0: Intentional Walk
Batting: RHB Jack Davis 0-0: Called Strike
0-1: Ball
1-1: Ball
2-1: Foul Ball, location: 2F
2-2: Grounds into double play, 4-6-3 (Groundball, 4)
Miguel Vidro to third
Batting: RHB Alexis Smeddon 0-0: Ball
1-0: Called Strike
1-1: Foul Ball, location: 2F
1-2: Ball
2-2: Foul Ball, location: 2F
2-2: Hit by Pitch
Batting: RHB Zach Lewis 0-0: Ball
1-0: Ball
2-0: Called Strike
2-1: SINGLE (Line Drive, 8RS)
Miguel Vidro scores
Alexis Smeddon to second
Runner from 2nd tries for 3rd, OUT!
Bottom of the 8th over - 1 run(s), 2 hit(s), 0 error(s), 1 left on base; Phoenix Hotspur 2 - Richland 6
TOP OF THE 9TH
Phoenix Hotspur Youth batting - Pitching for Richland Rails : RHP Horace McKenzie
Pitching: LHP Daniel León
Batting: RHB Satoshi Terada 0-0: Ball
1-0: Ball
2-0: Foul Ball, location: 2F
2-1: Called Strike
2-2: Foul Ball, location: 2F
2-2: Ball
3-2: Foul Ball, location: 2F
3-2: Foul Ball, location: 2F
3-2: Strikes out swinging
Batting: RHB Ed Sharp 0-0: Ball
1-0: Foul Ball, location: 2F
1-1: Foul Ball, location: 2F
1-2: Strikes out looking
Batting: RHB Javier González 0-0: Called Strike
0-1: Called Strike
0-2: Ball
1-2: Strikes out swinging
Top of the 9th over - 0 run(s), 0 hit(s), 0 error(s), 0 left on base; Phoenix Hotspur 2 - Richland 6
This league is powered by Out of the Park Baseball, the baseball management simulation game for PC, Mac and Linux
Friday, January 22nd, 2016 - OOTP Baseball 16.9 Build 39